 Dungeon Crawl Stone Soup version 0.24-a0-284-g9fb9971 (webtiles) character file.

Game seed: 6701834068689018876

222 TheOvate the Gusty (level 5, -6/28 HPs)
             Began as a Tengu Air Elementalist on May 6, 2019.
             Killed from afar by Ijyb (13 damage)
             ... with an iceblast
             ... on level 3 of the Dungeon.
             The game lasted 00:15:04 (3303 turns).

TheOvate the Gusty (Tengu Air Elementalist)         Turns: 3303, Time: 00:15:06

Health: -6/28      AC:  3    Str:  8    XL:     5   Next: 99%
Magic:  5/11       EV: 13    Int: 16    God:
Gold:   166        SH:  0    Dex: 15    Spells: 5/11 levels left

rFire    . . .     SeeInvis .   d - +3 quarterstaff (chaos)
rCold    + . .     Gourm    .   (shield currently unavailable)
rNeg     . . .     Faith    .   a - +0 robe
rPois    .         Spirit   .   (helmet restricted)
rElec    .         Reflect  .   g - +0 cloak
rCorr    .         Harm     .   (no gloves)
MR       .....                  (boots unavailable)
Stlth    ++........             (no amulet)
HPRegen  0.09/turn              k - ring of protection from cold
MPRegen  0.12/turn              (no ring)

@: no status effects
A: beak, talons 3, able to fly
a: Fly


You were on level 3 of the Dungeon.
You were not hungry.

You visited 1 branch of the dungeon, and saw 3 of its levels.

You collected 166 gold pieces.

Inventory:

Hand Weapons
 d - a +3 quarterstaff of chaos (weapon)
 f - a +0 rapier
Missiles
 l - 6 poisoned needles
Armour
 a - a +0 robe (worn)
 g - a +0 cloak (worn)
Jewellery
 k - a ring of protection from cold (left hand)
 p - an uncursed ring of wizardry {unknown}
Scrolls
 e - 2 scrolls of remove curse
 h - 5 scrolls of identify {unknown}
 i - 2 scrolls of teleportation {unknown}
 j - 2 scrolls of blinking {unknown}
 n - a scroll of magic mapping {unknown}
 o - a scroll of enchant armour {unknown}
Comestibles
 b - a chunk of flesh
 c - 5 rations


   Skills:
 + Level 0.7 Staves
 + Level 2.4 Dodging
 - Level 2.2 Stealth
 + Level 3.6 Spellcasting
 + Level 3.8 Conjurations
 + Level 5.6 Air Magic


You had 5 spell levels left.
You knew the following spells:

 Your Spells              Type           Power        Failure   Level  Hunger
a - Shock                 Conj/Air       ###.         2%          1    None
b - Swiftness             Chrm/Air       ##......     9%          2    ##.....
c - Static Discharge      Conj/Air       ###.....     8%          3    ###....

Your spell library contained the following spells:

 Spells                   Type           Power        Failure   Level  Hunger
 Airstrike                Air            ###.......   17%         4    ####...
 Lightning Bolt           Conj/Air       ###.......   56%         5    ######.


Dungeon Overview and Level Annotations

Branches:
Dungeon (3/15)

Altars:
Sif Muna
Uskayaw

Annotations:
D:3 Ijyb


Innate Abilities, Weirdness & Mutations

You have a beak for a mouth.
You have claws for feet.
You can fly continuously.


Message History

Confirm with . or Enter, or press ? or * to list all spells.
Aiming: Shock (safe; 2% risk of failure)
Press: ? - help, Shift-Dir - straight line, f/p - Ijyb
Aim: Ijyb, wielding a +0 dagger, wearing a +0 chain mail and carrying a wand of iceblast (10) (severely wounded)
The zap hits Ijyb.
Ijyb is almost dead.
Ijyb zaps a wand.
The mass of ice explodes!
The iceblast engulfs you! You partially resist.
Ouch! That really hurt!
* * * LOW HITPOINT WARNING * * *
Casting: Shock (safe; 2% risk of failure)
Confirm with . or Enter, or press ? or * to list all spells.
Aiming: Shock (safe; 2% risk of failure)
Press: ? - help, Shift-Dir - straight line, f/p - Ijyb
Aim: Ijyb, wielding a +0 dagger, wearing a +0 chain mail and carrying a wand of iceblast (9) (almost dead)
The zap misses Ijyb.
Ijyb grins evilly.
Ijyb zaps a wand.
The mass of ice explodes!
The iceblast engulfs you! You partially resist.
You die...

#..### #......#
#.#
.....#####..#.#.##
#.#
...#....##.......#
#.# #.#####.#
#......# #.# #.#
#.###......#####.#
#.#
#................#
#.#
#####.....g#######
#.##########...#.#
..............##@#
####.###########.#
# #.# #.# #.# #.#
#.# #.# #.# #.#
#(###########>#
#.........รท...#
###############


You could see Ijyb.

Vanquished Creatures
  A phantom (D:3)
  Crazy Yiuf (D:3)
  4 adders
  An ooze (D:1)
  3 dart slugs
  2 leopard geckos (D:3)
  An orc (D:3)
  9 bats
  A giant cockroach (D:2)
  10 hobgoblins
  4 jackals (D:3)
  A quokka (D:3)
  2 ball pythons (D:2)
  3 frilled lizards
  6 goblins
  6 kobolds
  A quokka skeleton (D:2)
  5 rats
61 creatures vanquished.

Notes
Turn   | Place    | Note
-------+----------+-------------------------------------------
     0 | D:1      | TheOvate the Tengu Air Elementalist began the quest for the
                  | Orb.
     0 | D:1      | Reached XP level 1. HP: 10/10 MP: 4/4
   240 | D:1      | Reached XP level 2. HP: 9/15 MP: 0/6
  1107 | D:2      | Reached XP level 3. HP: 19/19 MP: 0/7
  1338 | D:2      | Learned a level 2 spell: Swiftness
  1342 | D:2      | Learned a level 3 spell: Static Discharge
  1694 | D:2      | Found a faded altar of an unknown god.
  1778 | D:2      | Reached XP level 4. HP: 24/24 MP: 6/9
  2132 | D:3      | Found a hide-covered altar of Uskayaw.
  2235 | D:3      | Reached skill level 5 in Air Magic
  2435 | D:3      | Found a runed translucent door.
  2436 | D:3      | Noticed Crazy Yiuf
  2447 | D:3      | Killed Crazy Yiuf
  2447 | D:3      | Gained mutation: You can fly continuously. [Tengu growth]
  2447 | D:3      | Reached XP level 5. HP: 6/28 MP: 2/10
  2757 | D:3      | Found a deep blue altar of Sif Muna.
  2826 | D:3      | Noticed a phantom
  2850 | D:3      | Killed a phantom
  3293 | D:3      | Noticed Ijyb
  3303 | D:3      | Killed from afar by Ijyb

Levels and vault maps discovered:
D:1:      psy_arrival_statuary, layout_basic
D:2:      layout_basic, chequers_ecumenical_altar_simple
D:3:      layout_loops_ring, overflow_temple_1_default, led_sif_pool,
          first_ration, uniq_crazy_yiuf_cottage, uniq_ijyb

Skill      XL: |  1  2  3  4 |
---------------+-------------+-----
Conjurations   | 2 3 |  3.8
Air Magic      | 5 |  5.6
Spellcasting   | 3 |  3.6
Staves         | |  0.7
Dodging        | |  2.4
Stealth        | |  2.2

Action                   |  1- 3 |  4- 6 || total
-------------------------+-------+-------++-------
Melee: Club              |    27 |     7 ||    34
       Kick              |     7 |     8 ||    15
       Peck              |     3 |     2 ||     5
       Rapier            |       |    15 ||    15
       Quarterstaff      |       |    11 ||    11
 Cast: Shock             |    50 |    46 ||    96
  Use: Scroll            |     2 |       ||     2
       Potion            |       |     4 ||     4
 Stab: Sleeping          |       |     2 ||     2
  Eat: Chunk             |     3 |     5 ||     8
Armor: Robe              |    12 |    10 ||    22
Dodge: Dodged            |    22 |    42 ||    64

Table legend:
 A = Non-vault XP
 B = Vault XP
 C = Vault XP percentage of total XP
 D = Non-vault monster count
 E = Vault monster count
 F = Vault count percentage of total count
                 A         B        C        D         E       F
            +---------+---------+-------+---------+---------+-------
      Total |     278 |      40 |  12.6 |      60 |       1 |   1.6
            +---------+---------+-------+---------+---------+-------
        D:1 |      30 |       0 |   0.0 |      13 |       0 |   0.0
        D:2 |      55 |       0 |   0.0 |      21 |       0 |   0.0
        D:3 |     193 |      40 |  17.2 |      26 |       1 |   3.7
            +---------+---------+-------+---------+---------+-------
